 Dungeon Crawl Stone Soup version 0.32-a0-673-g3729bd50f8 (webtiles) character file.

Game seed: 15438155661575863130

910 djent the Cutter (level 7, 0/42 HPs)
             Began as a Deep Elf Gladiator on Mar 11, 2024.
             Splashed by a jelly's acid (12 damage)
             ... on level 6 of the Dungeon.
             The game lasted 00:12:17 (4336 turns).

djent the Cutter (Deep Elf Gladiator)               Turns: 4336, Time: 00:12:18

Health: 0/42       AC: -6    Str: 11    XL:     7   Next: 81%
Magic:  9/9        EV: 14    Int: 13    God:
Gold:   279        SH:  4    Dex: 18    Spells: 6/6 levels left

rFire   + . .        D - +1 dagger (venom)
rCold   . . .        G - +0 buckler
rNeg    . . .        m - +1 leather armour {rF+}
rPois   .            c - +0 helmet
rElec   .            (no cloak)
rCorr   .            A - +0 pair of gloves
SInv    .            (no boots)
Will    .....        (no amulet)
Stlth   +            (no ring)
HPRegen 0.27/turn    (no ring)
MPRegen 0.11/turn

%: no passive effects
@: corroded
A: no striking features
a: no special abilities


You were on level 6 of the Dungeon.
You visited 1 branch of the dungeon, and saw 6 of its levels.

You collected 279 gold pieces.

Inventory:

Hand Weapons
 a - a +0 rapier
 t - a +2 short sword of speed
 D - a +1 dagger of venom (weapon)
Missiles
 d - 2 throwing nets
 e - a javelin (quivered)
 f - 2 darts of dispersal
 s - 9 poisoned darts
Armour
 c - a +0 helmet (worn)
 k - an orb of mayhem
 m - a +1 leather armour of fire resistance (worn)
 A - a +0 pair of gloves (worn)
 G - a +0 buckler (worn)
Jewellery
 u - a ring of flight
 E - an amulet of faith
Talismans
 y - a flux talisman
Scrolls
 b - 2 scrolls of summoning
 h - 6 scrolls of teleportation {unknown}
 o - 2 scrolls of enchant weapon {unknown}
 q - 2 scrolls of immolation {unknown}
 v - a scroll of fog {unknown}
 w - a scroll of fear {unknown}
 x - 3 scrolls of identify {unknown}
 F - a scroll of revelation {unknown}
Potions
 g - 2 potions of degeneration {unknown}
 i - 3 potions of enlightenment {unknown}
 l - a potion of heal wounds {unknown}
 n - a potion of attraction {unknown}
 p - 2 potions of haste {unknown}
 r - 2 potions of resistance {unknown}
 z - a potion of lignification {unknown}
 B - 2 potions of mutation {unknown}
 C - a potion of invisibility {unknown}


   Skills:
 + Level 3.9 Fighting
 * Level 7.0 Short Blades
 - Level 2.0 Throwing
 + Level 6.4 Dodging
 + Level 0.4 Shields


You had 6 spell levels left.
You didn't know any spells.
Your spell library contained the following spells:

 Spells                   Type           Power      Damage    Failure   Level
 Freeze                   Ice            0%         1d3       52%         1
 Frozen Ramparts          Ice            0%         1d1       88%         3
 Hailstorm                Conj/Ice       0%         3d5       88%         3
 Inner Flame              Hex/Fire       0%         N/A       88%         3
 Flame Wave               Conj/Fire      0%         2d4       99%         4
 Sticky Flame             Fire/Alch      0%         2d4       99%         4


Dungeon Overview and Level Annotations

Branches:
Dungeon (6/15)
 Temple: D:4-7

Altars:
Cheibriados
Gozag
Qazlal
Uskayaw
Zin

Shops:
D:2 *

Annotations:
D:3 exclusions: orc, 2 orc priests and 1 more exclusion
D:4 Ijyb
D:6 exclusion: phantom


Message History

There is a stone staircase leading up here.
g - 2 sedimented dark potions (gained 1)
A phantom comes into view.
Press: ? - help, . - travel You can't see that place. [the floor.] Placed new exclusion.
As you open the door, it creaks loudly!
You open the door.
There is an open door here.
You now have 279 gold pieces (gained 19).
A jelly comes into view.
The jelly quivers.
The jelly hits you. The acid corrodes you!
You are splashed with acid!
You hit the jelly.
Your hands burn!
The jelly is lightly wounded.
You hit the jelly.
Your hands burn!
The jelly is moderately wounded.
The jelly closely misses you.
You hit the jelly.
Your hands burn!
The jelly is moderately wounded.
The jelly hits you but does no damage.
You are too injured to fight recklessly!
You are too injured to fight recklessly!
You hit the jelly but do no damage.
The jelly is poisoned.
The acid corrodes you!
Your hands burn!
The jelly is moderately wounded.
You hit the jelly but do no damage.
Your hands burn!
The jelly is moderately wounded.
The jelly hits you.
You are splashed with acid!
* * * LOW HITPOINT WARNING * * *
You feel better. The jelly misses you. The jelly attacks as it pursues you!
The jelly hits you.
* * * LOW HITPOINT WARNING * * *
The acid corrodes you!
You are splashed with acid.
* * * LOW HITPOINT WARNING * * *
You feel better. The jelly hits you.
* * * LOW HITPOINT WARNING * * *
You are splashed with acid!
You die...

.......<......#..#...
.>............#..#...
####+######+###..'...
#............##+##...
#............#.......
#............'.......
#............#.......
#.....##.....#.......
##...@.##.....#.......
#....J..#.....#.......
#.......#.....#....#..
#.......#.....#....#..
##......#.....#....#..
#.....## #.....#
........ ###.......


You could see a jelly (poisoned).

Vanquished Creatures
  An ice beast (D:5)
  2 ogres
  2 jellies (D:5)
  2 hounds (D:5)
  2 orc priests (D:5)
  6 orc wizards
  6 adders
  7 gnolls
  A white imp (D:5)
  A ribbon worm (D:4)
  A dart slug (D:2)
  20 orcs
  4 ball pythons
  2 bats
  3 endoplasms
  4 giant cockroaches
  4 hobgoblins
  9 jackals
  11 kobolds
  4 frilled lizards
  6 goblins
  3 rats
101 creatures vanquished.

Vanquished Creatures (collateral kills)
  An orc priest (D:5)
  2 orc wizards (D:5)
  2 orcs (D:5)
5 creatures vanquished.

Grand Total: 106 creatures vanquished

Notes
Turn   | Place    | Note
-------+----------+-------------------------------------------
     0 | D:1      | djent the Deep Elf Gladiator began the quest for the Orb.
     0 | D:1      | Reached XP level 1. HP: 12/12 MP: 3/3
   367 | D:1      | Reached XP level 2. HP: 17/17 MP: 4/4
   826 | D:2      | Reached XP level 3. HP: 17/21 MP: 5/5
  1156 | D:2      | Noticed an ogre
  1157 | D:2      | D:2 ogre thanks devs
  1190 | D:2      | Killed an ogre
  1191 | D:2      | Reached skill level 4 in Short Blades
  1191 | D:2      | Reached XP level 4. HP: 27/27 MP: 6/6
  1398 | D:2      | Found Ymip's Assorted Antiques.
  1584 | D:3      | HP: 1/27 [orc/+0 war axe (8)]
  1668 | D:3      | Reached XP level 5. HP: 27/31 MP: 7/7
  1891 | D:4      | Noticed an ogre
  1892 | D:4      | D:2 ogre and now a D:4 ogre
  1892 | D:4      | thanks devs
  1905 | D:4      | Killed an ogre
  1906 | D:4      | Reached skill level 5 in Short Blades
  1906 | D:4      | Reached skill level 5 in Dodging
  1936 | D:4      | Reached XP level 6. HP: 35/36 MP: 8/8
  2022 | D:4      | Found a glowing silver altar of Zin.
  2023 | D:4      | Found an opulent altar of Gozag.
  2309 | D:4      | Found a hide-covered altar of Uskayaw.
  2948 | D:4      | Noticed Ijyb
  2983 | D:4      | Found a snail-covered altar of Cheibriados.
  3029 | D:5      | Entered Level 5 of the Dungeon
  3188 | D:5      | Reached skill level 6 in Short Blades
  3258 | D:5      | Reached XP level 7. HP: 32/41 MP: 9/9
  3413 | D:5      | Found a stormy altar of Qazlal.
  4220 | D:5      | Reached skill level 7 in Short Blades
  4336 | D:6      | Splashed by a jelly's acid

Illustrated notes

#.######..########
#.........#
########.## #.# #
###.## # #....# #
#.#..# # #.#..# #
# #.@# #
.O............. #
.###.....###### #
##...## # ##.## #
#. #. #+


Turn 1157 on D:2: D:2 ogre thanks devs ### #<# ######.# #.@..#.# #.##.#.# #.
#...# #. ##### #. .O .. .. Turn 1892 on D:4: D:2 ogre and now a D:4 ogre

Levels and vault maps discovered:
D:1:      enne_arrival_octagon_isle, layout_rooms, serial_curves,
          eino_curves_03, eino_curves_02, st_stairs_1
D:2:      layout_loops_corners, serial_shops, nicolae_shop_statue_plus,
          st_stairs_2, serial_park_tiny_pond
D:3:      layout_basic
D:4:      layout_basic, grunt_temple_overflow_gold_and_silver,
          chei_slow_surprise, nicolae_overflow_crystal_walls, uniq_ijyb
D:5:      layout_basic, mainiacjoe_overflow_catwalk
D:6:      minmay_angry_zag, layout_gridville, minmay_temple_entry_large_hall,
          uniq_pikel

Skill      XL: |  1  2  3  4  5  6  7 |
---------------+----------------------+-----
Dodging        | 4 5 6 |  6.4
Fighting       | 2 3 |  3.9
Short Blades   | 4 5 6 7 |  7.0
Throwing       | |  2.0
Shields        | |  0.4

Action                     |  1- 3 |  4- 6 |  7- 9 || total
---------------------------+-------+-------+-------++-------
  Melee: Rapier            |    82 |    84 |       ||   166
         Short sword       |       |   208 |    68 ||   276
         Dagger            |       |       |    62 ||    62
  Throw: Throwing net      |     2 |     2 |     1 ||     5
         Dart              |       |     8 |     5 ||    13
         Javelin           |       |     1 |     1 ||     2
    Use: Potion            |       |     2 |     2 ||     4
         Scroll            |       |       |     1 ||     1
   Stab: Held in net/web   |     1 |     1 |     1 ||     3
         Sleeping          |       |     1 |       ||     1
         Distracted        |       |       |     1 ||     1
 Armour: Leather armour    |    36 |   107 |    34 ||   177
  Dodge: Dodged            |    57 |   169 |    46 ||   272
  Block: Buckler           |       |       |     4 ||     4

Table legend: (Time is in decaauts)
 A = Elapsed time spent in this place.
 B = Non-inter-level travel time spent in this place.
 C = Inter-level travel time spent in this place.
 D = Time resting spent in this place.
 E = Time spent auto-exploring this place.
 F = Levels seen in this place.
 G = Mean time per level.
                   A        B        C        D        E       F      G
               +--------+--------+--------+--------+--------+-----+--------+
         Total |   4172 |   4032 |    140 |    528 |   2503 |   6 |  695.3 |
       Dungeon |   4172 |   4032 |    140 |    528 |   2503 |   6 |  695.3 |
               +--------+--------+--------+--------+--------+-----+--------+

Top non-repeatable levels by time:
     D:5: 1117 daAuts
     D:4: 1096 daAuts
     D:2: 929 daAuts
     D:1: 615 daAuts
     D:3: 333 daAuts
     D:6: 80 daAuts
